Little Stars vs Inferno

Created - December 23, 2018 at 19:35

Goals
1 2 3 T
Little Stars 2 1 0 3
Inferno 1 1 0 2
Shots
1 2 3 T
Little Stars 20 11 7 38
Inferno 18 13 8 39

1st period

1. Little Stars , Cam Atkinson 28 (Brian Flynn 34, Shawn Matthias 18) at 10:56 (PP)
2. Inferno , Tanner Pearson 15 (Christian Folin 19, Vladimir Sobotka 15) at 13:09
3. Little Stars , Cam Atkinson 29 (Brian Flynn 35) at 16:59

Penalties :
Vladimir Sobotka (Anc) for Hooking (Minor) at 10:14

2nd period

4. Little Stars , Jesse Joensuu 12 (Dana Tyrell 18) at 7:53
5. Inferno , Vladimir Sobotka 14 (Colby Robak 17, David Savard 18) at 15:01

Penalties :
Cam Atkinson (Tex) for Hooking (Minor) at 8:08

3rd period

No Goal

Penalties :
Philip Varone (Anc) for Hooking (Minor) at 1:19, Jesse Joensuu (Tex) for Holding Stick (Minor) at 2:17, Esa Lindell (Anc) for Boarding (Minor) at 5:30, Alexander Vasyunov (Tex) for Tripping (Minor) at 10:42

Goalie Stats

Matt Murray (Tex), 37 saves from 39 shots - (0.949), W, 7-7-2, 60:00 minutes
Christopher Gibson (Anc), 35 saves from 38 shots - (0.921), L, 11-8-2, 59:14 minutes

Players Stats for Little Stars

Player Name              G  A  P  +/- PIM S  H  SB GA TA FO     MP     PP MP  PK MP  
------------------------------------------------------------------------------------
Alexander Vasyunov       0  0  0   0  2   1  0  0  0  0  1/1    12:32   0:00   1:14 
Andrej Sustr             0  0  0   0  0   0  2  1  2  1  0/0    19:23   0:46   1:54 
Anton Cederholm          0  0  0   1  0   0  0  4  0  1  0/0    13:46   0:00   0:00 
Bo Horvat                0  0  0   0  0   4  0  0  0  0  0/3    10:39   0:00   0:00 
Brian Flynn              0  2  2  -1  0   1  0  0  2  0  16/29  18:13   2:09   0:31 
Cam Atkinson             2  0  2  -1  2   7  1  0  0  0  0/0    20:11   2:09   1:48 
Dana Tyrell              0  1  1   1  0   4  0  0  1  0  6/9    16:08   1:30   1:39 
Jesse Joensuu            1  0  1   1  2   3  5  0  2  0  0/1    15:00   1:29   0:19 
Jordie Benn              0  0  0   0  0   2  2  1  1  0  0/0    19:23   0:46   1:54 
Justin Auger             0  0  0   0  0   0  1  0  0  0  0/1    10:39   0:00   0:00 
Mathieu Perreault        0  0  0   0  0   6  1  0  2  0  1/3    11:36   0:00   0:00 
Michael Mersch           0  0  0   0  0   1  1  0  0  0  0/0    12:10   0:00   1:31 
Phil Oreskovic           0  0  0  -1  0   2  0  4  2  1  0/0    26:51   2:53   3:02 
Scott Kosmachuck         0  0  0   0  0   2  0  1  0  0  0/0    11:10   0:00   0:00 
Shawn Matthias           0  1  1  -1  0   0  4  2  1  2  5/8    21:10   2:09   2:50 
Tyler Wotherspoon        0  0  0   1  0   1  0  1  0  0  0/0    13:46   0:00   0:00 
Tyson Barrie             0  0  0  -1  0   2  2  1  2  1  0/0    26:51   2:53   3:02 
Zach Budish              0  0  0   1  0   2  3  0  0  0  0/0    14:32   1:30   0:00 

Players Stats for Inferno

Player Name              G  A  P  +/- PIM S  H  SB GA TA FO     MP     PP MP  PK MP  
------------------------------------------------------------------------------------
Anders Lee               0  0  0  -1  0   0  1  0  0  1  3/7    17:41   2:30   0:03 
Bryan Rust               0  0  0  -1  0   2  3  0  0  0  0/2    16:59   0:00   2:21 
Christian Folin          0  1  1   1  0   3  2  1  1  1  0/0    19:31   3:02   1:33 
Colby Robak              0  1  1  -1  0   2  1  3  0  5  0/0    24:22   0:12   2:06 
David Savard             0  1  1  -1  0   3  0  1  1  0  0/0    25:25   3:14   2:06 
Esa Lindell              0  0  0   0  2   2  0  0  0  2  0/0    16:12   1:42   0:00 
Mathieu Brodeur          0  0  0   1  0   1  0  0  1  2  0/0    18:28   0:00   1:33 
Matt Kassian             0  0  0  -1  0   0  3  0  0  0  3/5    15:56   0:00   1:34 
Matthew Nieto            0  0  0   0  0   3  1  1  0  2  0/1    14:03   2:30   0:27 
Oliver Bjorkstrand       0  0  0   0  0   2  3  1  0  0  0/0    13:26   2:30   0:00 
Philip Varone            0  0  0   0  2   1  2  0  0  0  1/2    11:57   0:00   0:26 
Ryan Spooner             0  0  0   0  0   0  0  0  0  0  1/1     8:13   0:00   0:00 
Simon Danis-Pepin        0  0  0   0  0   0  0  1  0  1  0/0    16:07   1:42   0:00 
Tanner Pearson           1  0  1   1  0   6  0  0  2  0  1/4    19:03   2:26   0:00 
Tyler Shattock           0  0  0   0  0   2  1  0  0  0  0/0     8:13   0:00   0:00 
Victor Rask              0  0  0   0  0   1  0  0  1  0  1/2     8:13   0:00   0:00 
Vladimir Sobotka         1  1  2   1  2   3  3  0  0  1  16/30  20:33   2:26   1:36 
Vladimir Zharkov         0  0  0   1  0   8  1  0  0  0  0/1    20:55   2:26   0:51 

3 Stars

1 - Matt Murray (Tex)
2 - Vladimir Sobotka (Anc)
3 - Jesse Joensuu (Tex)

Power Play

Little Stars - 1 on 3 Attempt(s) - 33.33%
Inferno - 0 on 3 Attempt(s) - 0.00%

Penalty Kill

Little Stars - 3 on 3 Attempt(s) - 100.00% - Score 0 goal in Penalty Kill
Inferno - 2 on 3 Attempt(s) - 66.67% - Score 0 goal in Penalty Kill

Team Stat

Little Stars - Hits : 22 - Faceoff Wins : 29 - Blocked Shots : 15 - Penalty Minutes : 6
Inferno - Hits : 21 - Faceoff Wins : 26 - Blocked Shots : 8 - Penalty Minutes : 6

Official

Referees : Unknown
Linesman : Unknown

Game Notes

10:44 of 1st period - Little Stars goal is going for a video replay. After video review, No Goal. The puck has been kicked using a distinct kicking motion.

Finance

Level 1 -- Attendance: 1579 (78.95%) -- Ticket Income $63,160
Level 2 -- Attendance: 719 (71.90%) -- Ticket Income $14,380
Total Attendance: 2298 (76.60%)
Total Ticket Income: $77,540
Other Income: $3,877
Total Income: $81,417

Little Stars

5 vs 5 Forward 
   Center                   Left Wing                Right Wing               Time % Phy DF OF 
 1 Brian Flynn              Shawn Matthias           Cam Atkinson             40     1   2  2  
 2 Dana Tyrell              Jesse Joensuu            Zach Budish              30     1   2  2  
 3 Mathieu Perreault        Alexander Vasyunov       Scott Kosmachuck         20     1   2  2  
 4 Bo Horvat                Michael Mersch           Justin Auger             10     1   2  2  

5 vs 5 Defense 
   Defense                  Defense                                           Time % Phy DF OF 
 1 Phil Oreskovic           Tyson Barrie                                      40     1   2  2  
 2 Andrej Sustr             Jordie Benn                                       30     1   2  2  
 3 Tyler Wotherspoon        Anton Cederholm                                   20     1   2  2  
 4 Phil Oreskovic           Tyson Barrie                                      10     1   2  2  

PowerPlay Forward 
   Center                   Left Wing                Right Wing               Time % Phy DF OF 
 1 Brian Flynn              Shawn Matthias           Cam Atkinson             60     0   2  3  
 2 Dana Tyrell              Jesse Joensuu            Zach Budish              40     0   2  3  

PowerPlay Defense
   Defense                  Defense                                           Time % Phy DF OF 
 1 Phil Oreskovic           Tyson Barrie                                      60     0   2  3  
 2 Andrej Sustr             Jordie Benn                                       40     0   2  3  

Penalty Kill 4 Players Forward 
   Center                   Wing                     Time % Phy DF OF 
 1 Shawn Matthias           Cam Atkinson             60     0   3  2  
 2 Brian Flynn              Dana Tyrell              40     0   3  2  

Penalty Kill 4 Players Defense
   Defense                  Defense                  Time % Phy DF OF 
 1 Phil Oreskovic           Tyson Barrie             60     0   3  2  
 2 Andrej Sustr             Jordie Benn              40     0   3  2  

Penalty Kill - 3 Players Forward 
   Forward                                           Time % Phy DF OF 
 1 Shawn Matthias                                    60     0   3  2  
 2 Cam Atkinson                                      40     0   3  2  

Penalty Kill - 3 Players Defense
   Defense                  Defense                  Time % Phy DF OF 
 1 Phil Oreskovic           Tyson Barrie             60     0   3  2  
 2 Andrej Sustr             Jordie Benn              40     0   3  2  

4 vs 4 Forward 
   Center                   Wing                     Time % Phy DF OF 
 1 Shawn Matthias           Cam Atkinson             60     1   2  2  
 2 Brian Flynn              Dana Tyrell              40     1   2  2  

4 vs 4 Defense
   Defense                  Defense                  Time % Phy DF OF 
 1 Phil Oreskovic           Tyson Barrie             60     1   2  2  
 2 Andrej Sustr             Jordie Benn              40     1   2  2  

Last Minutes Offensive
   Center                   Left Wing                Right Wing               Defense                  Defense                  
   Brian Flynn              Shawn Matthias           Cam Atkinson             Phil Oreskovic           Tyson Barrie             

Last Minutes Defensive
   Center                   Left Wing                Right Wing               Defense                  Defense                  
   Brian Flynn              Shawn Matthias           Cam Atkinson             Phil Oreskovic           Tyson Barrie             

Goaltenders
Starting : Matt Murray              
Backup : Peter Delmas             

Extra Forwards
Normal : Mathieu Perreault, Bo Horvat, Alexander Vasyunov - PP : Mathieu Perreault, Bo Horvat - PK : Alexander Vasyunov
Extra Defensemen
Normal : Tyler Wotherspoon, Anton Cederholm, Andrej Sustr - PP : Tyler Wotherspoon - PK : Anton Cederholm, Andrej Sustr
Penalty Shots
Shawn Matthias, Cam Atkinson, Brian Flynn, Dana Tyrell, Jesse Joensuu

Scratches
Daniel O'regan (Healthy), Reece Willcox (Healthy), Ville Pokka (Healthy), Jason Dickinson (Healthy), Emile Poirier (Healthy)
Tucker Poolman (Healthy), Spencer Martin (Healthy)

Inferno

5 vs 5 Forward 
   Center                   Left Wing                Right Wing               Time % Phy DF OF 
 1 Vladimir Sobotka         Tanner Pearson           Vladimir Zharkov         40     1   2  2  
 2 Anders Lee               Matt Kassian             Bryan Rust               30     1   2  2  
 3 Philip Varone            Matthew Nieto            Oliver Bjorkstrand       20     1   2  2  
 4 Victor Rask              Ryan Spooner             Tyler Shattock           10     1   2  2  

5 vs 5 Defense 
   Defense                  Defense                                           Time % Phy DF OF 
 1 Colby Robak              David Savard                                      40     1   2  2  
 2 Christian Folin          Mathieu Brodeur                                   30     1   2  2  
 3 Esa Lindell              Simon Danis-Pepin                                 20     1   2  2  
 4 Colby Robak              Mathieu Brodeur                                   10     1   2  2  

PowerPlay Forward 
   Center                   Left Wing                Right Wing               Time % Phy DF OF 
 1 Vladimir Sobotka         Tanner Pearson           Vladimir Zharkov         60     1   2  2  
 2 Anders Lee               Matthew Nieto            Oliver Bjorkstrand       40     1   2  2  

PowerPlay Defense
   Defense                  Defense                                           Time % Phy DF OF 
 1 Christian Folin          David Savard                                      60     1   2  2  
 2 Esa Lindell              Simon Danis-Pepin                                 40     1   2  2  

Penalty Kill 4 Players Forward 
   Center                   Wing                     Time % Phy DF OF 
 1 Vladimir Sobotka         Bryan Rust               60     1   2  2  
 2 Philip Varone            Vladimir Zharkov         40     1   2  2  

Penalty Kill 4 Players Defense
   Defense                  Defense                  Time % Phy DF OF 
 1 Colby Robak              David Savard             60     1   2  2  
 2 Christian Folin          Mathieu Brodeur          40     1   2  2  

Penalty Kill - 3 Players Forward 
   Forward                                           Time % Phy DF OF 
 1 Vladimir Sobotka                                  60     1   2  2  
 2 Bryan Rust                                        40     1   2  2  

Penalty Kill - 3 Players Defense
   Defense                  Defense                  Time % Phy DF OF 
 1 Colby Robak              David Savard             60     1   2  2  
 2 Christian Folin          Mathieu Brodeur          40     1   2  2  

4 vs 4 Forward 
   Center                   Wing                     Time % Phy DF OF 
 1 Vladimir Sobotka         Vladimir Zharkov         60     1   2  2  
 2 Anders Lee               Bryan Rust               40     1   2  2  

4 vs 4 Defense
   Defense                  Defense                  Time % Phy DF OF 
 1 Colby Robak              David Savard             60     1   2  2  
 2 Christian Folin          Mathieu Brodeur          40     1   2  2  

Last Minutes Offensive
   Center                   Left Wing                Right Wing               Defense                  Defense                  
   Anders Lee               Tanner Pearson           Vladimir Zharkov         Colby Robak              David Savard             

Last Minutes Defensive
   Center                   Left Wing                Right Wing               Defense                  Defense                  
   Vladimir Sobotka         Tanner Pearson           Vladimir Zharkov         Colby Robak              David Savard             

Goaltenders
Starting : Christopher Gibson       
Backup : Michael Hutchinson       

Extra Forwards
Normal : Philip Varone, Matt Kassian, Matthew Nieto - PP : Ryan Spooner, Oliver Bjorkstrand - PK : Matt Kassian
Extra Defensemen
Normal : Christian Folin, Mathieu Brodeur, Esa Lindell - PP : Esa Lindell - PK : Mathieu Brodeur, Simon Danis-Pepin
Penalty Shots
Vladimir Zharkov, Victor Rask, Philip Varone, Tanner Pearson, Oliver Bjorkstrand

Scratches
Chris Brown (Healthy), Frank Corrado (Healthy), Joakim Nordstrom (Healthy), Trevor Carrick (Healthy), Petteri Lindbohm (Healthy)
Daniil Tarasov (Healthy), Peter Cehlarik (Healthy), John Gilmour (Healthy), Branden Troock (Healthy), Luca Sbisa (Healthy)
Greg Pateryn (Healthy), Nathan Lieuwen (Healthy)

% Time on Ice - Little Stars

Lines # - Real PCT - Wanted PCT - Time Play
Normal Forward
1 - 29% - 40% - 14:22
2 - 26% - 30% - 13:02
3 - 23% - 20% - 11:10
4 - 22% - 10% - 10:39
Normal Defense
1 - 34% - 40% - 16:53
2 - 33% - 30% - 16:20
3 - 28% - 20% - 13:46
4 - 5% - 10% - 2:14
PP Forward
1 - 59% - 60% - 2:09
2 - 41% - 40% - 1:30
PP Defense
1 - 79% - 60% - 2:53
2 - 21% - 40% - 0:46
PK Forward
1 - 90% - 60% - 4:25
2 - 10% - 40% - 0:31
PK Defense
1 - 61% - 60% - 3:02
2 - 39% - 40% - 1:54
PK3 Forward
1 - 0% - 60%
2 - 0% - 40%
PK3 Defense
1 - 0% - 60%
2 - 0% - 40%
44 Forward
1 - 69% - 60% - 0:42
2 - 31% - 40% - 0:19
44 Defense
1 - 62% - 60% - 0:38
2 - 38% - 40% - 0:23
Last Minute Offensive  - 0:00
Last Minute Defensive  - 1:11
Total
Forward - 60:00
Defense - 60:00

% Time on Ice - Inferno

Lines # - Real PCT - Wanted PCT - Time Play
Normal Forward
1 - 32% - 40% - 15:31
2 - 30% - 30% - 14:41
3 - 22% - 20% - 10:47
4 - 17% - 10% - 8:13
Normal Defense
1 - 36% - 40% - 17:52
2 - 29% - 30% - 14:12
3 - 27% - 20% - 13:19
4 - 8% - 10% - 3:49
PP Forward
1 - 49% - 60% - 2:26
2 - 51% - 40% - 2:30
PP Defense
1 - 66% - 60% - 3:14
2 - 34% - 40% - 1:42
PK Forward
1 - 77% - 60% - 2:48
2 - 23% - 40% - 0:51
PK Defense
1 - 58% - 60% - 2:06
2 - 42% - 40% - 1:33
PK3 Forward
1 - 0% - 60%
2 - 0% - 40%
PK3 Defense
1 - 0% - 60%
2 - 0% - 40%
44 Forward
1 - 100% - 60% - 1:01
2 - 0% - 40% - 0:00
44 Defense
1 - 100% - 60% - 1:01
2 - 0% - 40% - 0:00
Last Minute Offensive  - 1:12
Last Minute Defensive  - 0:00
Total
Forward - 60:00
Defense - 60:00

Play by Play

1st period


0:01 of 1st period - Vladimir Sobotka wins face-off versus Brian Flynn in neutral zone.
0:04 of 1st period - Backhand shot by Vladimir Zharkov.
0:04 of 1st period - Shot Misses the Net.
0:06 of 1st period - Slapshot by David Savard.
0:06 of 1st period - Shot Misses the Net.
0:08 of 1st period - Wrist shot by Vladimir Zharkov.
0:08 of 1st period - Stopped by Matt Murray with a rebound.
0:10 of 1st period - Slapshot by David Savard.
0:10 of 1st period - Stopped by Matt Murray with a rebound.
0:12 of 1st period - Slapshot by Colby Robak.
0:12 of 1st period - Deflect By Vladimir Sobotka.
0:12 of 1st period - Shot Blocked by Shawn Matthias.
0:12 of 1st period - Puck is out of play.
0:13 of 1st period - Dana Tyrell wins face-off versus Anders Lee in Little Stars zone.
1:21 of 1st period - Phil Oreskovic is hit by Tyler Shattock and loses puck.
1:42 of 1st period - Snap shot by Dana Tyrell.
1:42 of 1st period - Stopped by Christopher Gibson with a rebound.
1:44 of 1st period - Backhand shot by Zach Budish.
1:44 of 1st period - Shot Misses the Net.
1:50 of 1st period - Wrist shot by Zach Budish.
1:50 of 1st period - Stopped by Christopher Gibson with a rebound.
2:36 of 1st period - Colby Robak is hit by Michael Mersch and loses puck.
2:43 of 1st period - Slapshot by Bo Horvat.
2:43 of 1st period - Stopped by Christopher Gibson with a rebound.
2:45 of 1st period - Snap shot by Phil Oreskovic.
2:45 of 1st period - Stopped by Christopher Gibson with a rebound.
2:47 of 1st period - Slapshot by Phil Oreskovic.
2:47 of 1st period - Deflect By Michael Mersch.
2:47 of 1st period - Stopped by Christopher Gibson with a rebound.
3:11 of 1st period - Wrist shot by Cam Atkinson.
3:11 of 1st period - Stopped by Christopher Gibson with a rebound.
3:45 of 1st period - Wrist shot by Tanner Pearson.
3:45 of 1st period - Stopped by Matt Murray with a rebound.
4:01 of 1st period - Mathieu Brodeur is hit by Jordie Benn and loses puck.
4:08 of 1st period - Snap shot by Anders Lee.
4:08 of 1st period - Shot Blocked by Andrej Sustr.
4:20 of 1st period - Jordie Benn is hit by Oliver Bjorkstrand and loses puck.
4:25 of 1st period - Backhand shot by Matthew Nieto.
4:25 of 1st period - Stopped by Matt Murray with a rebound.
5:41 of 1st period - Icing by Scott Kosmachuck.
5:42 of 1st period - Vladimir Sobotka wins face-off versus Brian Flynn in Little Stars zone.
6:13 of 1st period - Snap shot by Jesse Joensuu.
6:13 of 1st period - Stopped by Christopher Gibson with a rebound.
6:31 of 1st period - Off-side.
6:32 of 1st period - Philip Varone wins face-off versus Mathieu Perreault in neutral zone.
6:47 of 1st period - Wrist shot by Mathieu Perreault.
6:47 of 1st period - Shot Misses the Net.
6:57 of 1st period - Snap shot by Oliver Bjorkstrand.
6:57 of 1st period - Stopped by Matt Murray with a rebound.
7:14 of 1st period - Wrist shot by Philip Varone.
7:14 of 1st period - Shot Blocked by Scott Kosmachuck.
7:16 of 1st period - Slapshot by David Savard.
7:16 of 1st period - Shot Misses the Net.
7:18 of 1st period - Wrist shot by Colby Robak.
7:18 of 1st period - Deflect By Matthew Nieto.
7:18 of 1st period - Shot Misses the Net.
7:18 of 1st period - Puck is out of play.
7:19 of 1st period - Vladimir Sobotka wins face-off versus Brian Flynn in Little Stars zone.
7:20 of 1st period - Snap shot by Vladimir Zharkov.
7:20 of 1st period - Stopped by Matt Murray with a rebound.
7:22 of 1st period - Snap shot by Vladimir Zharkov.
7:22 of 1st period - Stopped by Matt Murray with a rebound.
7:24 of 1st period - Slapshot by Mathieu Brodeur.
7:24 of 1st period - Stopped by Matt Murray without a rebound.
7:25 of 1st period - Brian Flynn wins face-off versus Vladimir Sobotka in Little Stars zone.
7:25 of 1st period - Brian Flynn is hit by Vladimir Sobotka.
7:37 of 1st period - Snap shot by Tanner Pearson.
7:37 of 1st period - Shot Blocked by Shawn Matthias.
7:39 of 1st period - Snap shot by Vladimir Zharkov.
7:39 of 1st period - Deflect By Tanner Pearson.
7:39 of 1st period - Shot Misses the Net.
7:39 of 1st period - Puck is out of play.
7:40 of 1st period - Anders Lee wins face-off versus Dana Tyrell in Little Stars zone.
7:45 of 1st period - Snap shot by Anders Lee.
7:45 of 1st period - Shot Misses the Net.
7:51 of 1st period - Colby Robak is hit by Jesse Joensuu and loses puck.
8:06 of 1st period - Cam Atkinson is hit by Philip Varone and loses puck.
8:35 of 1st period - Wrist shot by Vladimir Zharkov.
8:35 of 1st period - Shot Misses the Net.
8:37 of 1st period - Slapshot by Tanner Pearson.
8:37 of 1st period - Deflect By Vladimir Sobotka.
8:37 of 1st period - Shot Blocked by Tyson Barrie.
8:37 of 1st period - Puck is out of play.
8:38 of 1st period - Dana Tyrell wins face-off versus Bryan Rust in Little Stars zone.
8:55 of 1st period - Bryan Rust is hit by Jesse Joensuu and loses puck.
9:12 of 1st period - Wrist shot by Vladimir Sobotka.
9:12 of 1st period - Stopped by Matt Murray with a rebound.
9:14 of 1st period - Slapshot by Colby Robak.
9:14 of 1st period - Deflect By Tanner Pearson.
9:14 of 1st period - Stopped by Matt Murray with a rebound.
9:16 of 1st period - Snap shot by Vladimir Sobotka.
9:16 of 1st period - Shot Misses the Net.
9:28 of 1st period - Tyler Wotherspoon is hit by Oliver Bjorkstrand and loses puck.
9:49 of 1st period - Wrist shot by Bo Horvat.
9:49 of 1st period - Stopped by Christopher Gibson without a rebound.
9:50 of 1st period - Ryan Spooner wins face-off versus Bo Horvat in Inferno zone.
9:57 of 1st period - Slapshot by Bo Horvat.
9:57 of 1st period - Stopped by Christopher Gibson without a rebound.
9:58 of 1st period - Brian Flynn wins face-off versus Vladimir Sobotka in Inferno zone.
10:01 of 1st period - Wrist shot by Cam Atkinson.
10:01 of 1st period - Shot Blocked by Simon Danis-Pepin.
10:07 of 1st period - Snap shot by Brian Flynn.
10:07 of 1st period - Shot Misses the Net.
10:09 of 1st period - Slapshot by Phil Oreskovic.
10:09 of 1st period - Stopped by Christopher Gibson without a rebound.
10:10 of 1st period - Brian Flynn wins face-off versus Vladimir Sobotka in Inferno zone.
10:11 of 1st period - Wrist shot by Cam Atkinson.
10:11 of 1st period - Stopped by Christopher Gibson without a rebound.
10:12 of 1st period - Vladimir Sobotka wins face-off versus Brian Flynn in Inferno zone.
10:14 of 1st period - Minor Penalty to Vladimir Sobotka for Hooking.
10:15 of 1st period - Matt Kassian wins face-off versus Brian Flynn in Inferno zone.
10:28 of 1st period - Wrist shot by Colby Robak.
10:28 of 1st period - Stopped by Matt Murray without a rebound.
10:29 of 1st period - Brian Flynn wins face-off versus Matt Kassian in Little Stars zone.
10:42 of 1st period - Wrist shot by Brian Flynn.
10:42 of 1st period - Shot Blocked by Colby Robak.
10:44 of 1st period - Slapshot by Tyson Barrie.
10:44 of 1st period - Little Stars goal is going for a video replay.
10:44 of 1st period - The goal is refused. The puck has been kicked using a distinct kicking motion..
10:45 of 1st period - Brian Flynn wins face-off versus Matt Kassian in Inferno zone.
10:56 of 1st period - Wrist shot by Cam Atkinson.
10:56 of 1st period - Goal by Cam Atkinson - Little Stars : 1 - Inferno : 0.
10:57 of 1st period - Shawn Matthias wins face-off versus Vladimir Sobotka in neutral zone.
11:22 of 1st period - Bryan Rust is hit by Tyson Barrie and loses puck.
11:41 of 1st period - Slapshot by Christian Folin.
11:41 of 1st period - Stopped by Matt Murray with a rebound.
11:49 of 1st period - Tyler Shattock is hit by Mathieu Perreault.
12:15 of 1st period - Andrej Sustr is hit by Matthew Nieto and loses puck.
12:29 of 1st period - Icing by Mathieu Brodeur.
12:30 of 1st period - Vladimir Sobotka wins face-off versus Brian Flynn in Inferno zone.
13:07 of 1st period - Snap shot by Vladimir Sobotka.
13:07 of 1st period - Shot Misses the Net.
13:09 of 1st period - Slapshot by Christian Folin.
13:09 of 1st period - Deflect By Tanner Pearson.
13:09 of 1st period - Goal by Tanner Pearson - Little Stars : 1 - Inferno : 1.
13:10 of 1st period - Dana Tyrell wins face-off versus Anders Lee in neutral zone.
13:21 of 1st period - Snap shot by Dana Tyrell.
13:21 of 1st period - Stopped by Christopher Gibson with a rebound.
13:23 of 1st period - Wrist shot by Jesse Joensuu.
13:23 of 1st period - Stopped by Christopher Gibson without a rebound.
13:24 of 1st period - Brian Flynn wins face-off versus Tanner Pearson in Inferno zone.
13:51 of 1st period - Zach Budish is hit by Bryan Rust and loses puck.
14:16 of 1st period - Snap shot by Alexander Vasyunov.
14:16 of 1st period - Stopped by Christopher Gibson with a rebound.
14:22 of 1st period - Wrist shot by Tyson Barrie.
14:22 of 1st period - Stopped by Christopher Gibson with a rebound.
14:34 of 1st period - Snap shot by Victor Rask.
14:34 of 1st period - Stopped by Matt Murray without a rebound.
14:35 of 1st period - Victor Rask wins face-off versus Bo Horvat in Little Stars zone.
14:40 of 1st period - Slapshot by Colby Robak.
14:40 of 1st period - Shot Misses the Net.
14:42 of 1st period - Slapshot by David Savard.
14:42 of 1st period - Deflect By Jordie Benn.
14:42 of 1st period - Stopped by Matt Murray without a rebound.
14:43 of 1st period - Brian Flynn wins face-off versus Bryan Rust in Little Stars zone.
15:08 of 1st period - Vladimir Sobotka is hit by Zach Budish and loses puck.
15:28 of 1st period - Snap shot by Tanner Pearson.
15:28 of 1st period - Stopped by Matt Murray with a rebound.
15:37 of 1st period - Backhand shot by Alexander Vasyunov.
15:37 of 1st period - Shot Blocked by Matthew Nieto.
15:51 of 1st period - Slapshot by Esa Lindell.
15:51 of 1st period - Shot Blocked by Phil Oreskovic.
15:53 of 1st period - Snap shot by Tyler Shattock.
15:53 of 1st period - Stopped by Matt Murray with a rebound.
15:55 of 1st period - Wrist shot by Ryan Spooner.
15:55 of 1st period - Shot Misses the Net.
15:57 of 1st period - Slapshot by Tyler Shattock.
15:57 of 1st period - Stopped by Matt Murray with a rebound.
16:17 of 1st period - Slapshot by Cam Atkinson.
16:17 of 1st period - Shot Blocked by Colby Robak.
16:55 of 1st period - Snap shot by Mathieu Perreault.
16:55 of 1st period - Stopped by Christopher Gibson without a rebound.
16:56 of 1st period - Brian Flynn wins face-off versus Anders Lee in Inferno zone.
16:59 of 1st period - Slapshot by Cam Atkinson.
16:59 of 1st period - Goal by Cam Atkinson - Little Stars : 2 - Inferno : 1.
17:00 of 1st period - Brian Flynn wins face-off versus Vladimir Sobotka in neutral zone.
17:25 of 1st period - Bryan Rust is hit by Zach Budish and loses puck.
18:20 of 1st period - Icing by Tyler Wotherspoon.
18:21 of 1st period - Anders Lee wins face-off versus Justin Auger in Little Stars zone.
19:11 of 1st period - Vladimir Zharkov is hit by Shawn Matthias and loses puck.
19:20 of 1st period - Wrist shot by Cam Atkinson.
19:20 of 1st period - Stopped by Christopher Gibson without a rebound.
19:21 of 1st period - Anders Lee wins face-off versus Brian Flynn in Inferno zone.
19:21 of 1st period - Anders Lee is hit by Shawn Matthias.
19:46 of 1st period - Vladimir Sobotka is hit by Jesse Joensuu and loses puck.
19:57 of 1st period - Snap shot by Dana Tyrell.
19:57 of 1st period - Shot Misses the Net.
Goals for this period are 2 for Little Stars vs 1 for Inferno.
Shots for this period are 20 for Little Stars vs 18 for Inferno.

2nd period


0:01 of 2nd period - Brian Flynn wins face-off versus Tanner Pearson in neutral zone.
0:16 of 2nd period - Snap shot by Cam Atkinson.
0:16 of 2nd period - Stopped by Christopher Gibson with a rebound.
0:26 of 2nd period - Tyson Barrie is hit by Matt Kassian and loses puck.
1:15 of 2nd period - Snap shot by Matthew Nieto.
1:15 of 2nd period - Stopped by Matt Murray without a rebound.
1:16 of 2nd period - Brian Flynn wins face-off versus Vladimir Sobotka in Little Stars zone.
1:42 of 2nd period - Matt Kassian is hit by Jordie Benn and loses puck.
2:07 of 2nd period - Tyler Wotherspoon is hit by Bryan Rust and loses puck.
2:53 of 2nd period - Wrist shot by Anders Lee.
2:53 of 2nd period - Shot Hit the Post.
3:00 of 2nd period - Icing by Tyler Wotherspoon.
3:01 of 2nd period - Vladimir Sobotka wins face-off versus Bo Horvat in Little Stars zone.
3:02 of 2nd period - Snap shot by Vladimir Zharkov.
3:02 of 2nd period - Stopped by Matt Murray with a rebound.
3:04 of 2nd period - Slapshot by Vladimir Sobotka.
3:04 of 2nd period - Stopped by Matt Murray with a rebound.
3:06 of 2nd period - Snap shot by Vladimir Sobotka.
3:06 of 2nd period - Shot Misses the Net.
3:08 of 2nd period - Snap shot by Vladimir Zharkov.
3:08 of 2nd period - Deflect By Tanner Pearson.
3:08 of 2nd period - Shot Blocked by Anton Cederholm.
3:08 of 2nd period - Puck is out of play.
3:09 of 2nd period - Vladimir Sobotka wins face-off versus Brian Flynn in Little Stars zone.
3:24 of 2nd period - Snap shot by Vladimir Zharkov.
3:24 of 2nd period - Stopped by Matt Murray without a rebound.
3:25 of 2nd period - Dana Tyrell wins face-off versus Philip Varone in Little Stars zone.
4:00 of 2nd period - Slapshot by Mathieu Perreault.
4:00 of 2nd period - Stopped by Christopher Gibson with a rebound.
4:02 of 2nd period - Slapshot by Andrej Sustr.
4:02 of 2nd period - Shot Misses the Net.
4:16 of 2nd period - Snap shot by Christian Folin.
4:16 of 2nd period - Stopped by Matt Murray with a rebound.
4:38 of 2nd period - Tyler Shattock is hit by Jesse Joensuu and loses puck.
4:51 of 2nd period - Snap shot by Mathieu Perreault.
4:51 of 2nd period - Shot Misses the Net.
4:53 of 2nd period - Snap shot by Scott Kosmachuck.
4:53 of 2nd period - Stopped by Christopher Gibson without a rebound.
4:54 of 2nd period - Vladimir Sobotka wins face-off versus Mathieu Perreault in Inferno zone.
5:53 of 2nd period - Zach Budish is hit by Philip Varone.
6:07 of 2nd period - Ryan Spooner is hit by Andrej Sustr and loses puck.
6:14 of 2nd period - Wrist shot by Scott Kosmachuck.
6:14 of 2nd period - Stopped by Christopher Gibson without a rebound.
6:15 of 2nd period - Tanner Pearson wins face-off versus Brian Flynn in Inferno zone.
6:20 of 2nd period - Slapshot by Cam Atkinson.
6:20 of 2nd period - Stopped by Christopher Gibson with a rebound.
7:21 of 2nd period - Wrist shot by Oliver Bjorkstrand.
7:21 of 2nd period - Stopped by Matt Murray with a rebound.
7:27 of 2nd period - Mathieu Brodeur is hit by Cam Atkinson.
7:45 of 2nd period - Snap shot by Bo Horvat.
7:45 of 2nd period - Stopped by Christopher Gibson with a rebound.
7:47 of 2nd period - Slapshot by Phil Oreskovic.
7:47 of 2nd period - Deflect By Bo Horvat.
7:47 of 2nd period - Shot Misses the Net.
7:47 of 2nd period - Puck is out of play.
7:48 of 2nd period - Dana Tyrell wins face-off versus Vladimir Sobotka in Inferno zone.
7:51 of 2nd period - Wrist shot by Dana Tyrell.
7:51 of 2nd period - Stopped by Christopher Gibson with a rebound.
7:53 of 2nd period - Snap shot by Jesse Joensuu.
7:53 of 2nd period - Goal by Jesse Joensuu - Little Stars : 3 - Inferno : 1.
7:54 of 2nd period - Brian Flynn wins face-off versus Vladimir Sobotka in neutral zone.
8:08 of 2nd period - Minor Penalty to Cam Atkinson for Hooking.
8:09 of 2nd period - Shawn Matthias wins face-off versus Vladimir Sobotka in Little Stars zone.
8:11 of 2nd period - Wrist shot by Vladimir Zharkov.
8:11 of 2nd period - Stopped by Matt Murray with a rebound.
8:13 of 2nd period - Wrist shot by David Savard.
8:13 of 2nd period - Deflect By Vladimir Zharkov.
8:13 of 2nd period - Shot Misses the Net.
8:13 of 2nd period - Puck is out of play.
8:14 of 2nd period - Shawn Matthias wins face-off versus Vladimir Sobotka in Little Stars zone.
8:14 of 2nd period - Shawn Matthias is hit by Vladimir Zharkov.
9:00 of 2nd period - Jordie Benn is hit by Anders Lee and loses puck.
9:15 of 2nd period - Snap shot by Christian Folin.
9:15 of 2nd period - Shot Misses the Net.
9:17 of 2nd period - Slapshot by Anders Lee.
9:17 of 2nd period - Shot Blocked by Jordie Benn.
10:08 of 2nd period - Penalty to Cam Atkinson is over, Cam Atkinson is back on ice.
10:35 of 2nd period - Slapshot by Esa Lindell.
10:35 of 2nd period - Deflect By Philip Varone.
10:35 of 2nd period - Stopped by Matt Murray without a rebound.
10:36 of 2nd period - Brian Flynn wins face-off versus Victor Rask in Little Stars zone.
11:36 of 2nd period - Wrist shot by Alexander Vasyunov.
11:36 of 2nd period - Shot Misses the Net.
11:38 of 2nd period - Snap shot by Mathieu Perreault.
11:38 of 2nd period - Stopped by Christopher Gibson without a rebound.
11:39 of 2nd period - Vladimir Sobotka wins face-off versus Brian Flynn in Inferno zone.
11:48 of 2nd period - Simon Danis-Pepin is hit by Shawn Matthias and loses puck.
12:41 of 2nd period - Anton Cederholm is hit by Matt Kassian and loses puck.
13:56 of 2nd period - Anders Lee is hit by Justin Auger and loses puck.
14:11 of 2nd period - Snap shot by Matt Kassian.
14:11 of 2nd period - Shot Blocked by Anton Cederholm.
14:13 of 2nd period - Slapshot by Esa Lindell.
14:13 of 2nd period - Stopped by Matt Murray with a rebound.
14:15 of 2nd period - Wrist shot by Anders Lee.
14:15 of 2nd period - Shot Hit the Post.
14:17 of 2nd period - Slapshot by Esa Lindell.
14:17 of 2nd period - Shot Blocked by Anton Cederholm.
14:19 of 2nd period - Slapshot by Esa Lindell.
14:19 of 2nd period - Shot Misses the Net.
14:31 of 2nd period - Anton Cederholm is hit by Matt Kassian and loses puck.
14:38 of 2nd period - Slapshot by Bryan Rust.
14:38 of 2nd period - Shot Misses the Net.
14:40 of 2nd period - Wrist shot by Bryan Rust.
14:40 of 2nd period - Stopped by Matt Murray with a rebound.
14:42 of 2nd period - Wrist shot by Matt Kassian.
14:42 of 2nd period - Shot Blocked by Anton Cederholm.
14:44 of 2nd period - Slapshot by Esa Lindell.
14:44 of 2nd period - Stopped by Matt Murray without a rebound.
14:45 of 2nd period - Brian Flynn wins face-off versus Vladimir Zharkov in Little Stars zone.
15:01 of 2nd period - Snap shot by Vladimir Sobotka.
15:01 of 2nd period - Goal by Vladimir Sobotka - Little Stars : 3 - Inferno : 2.
15:02 of 2nd period - Vladimir Sobotka wins face-off versus Shawn Matthias in neutral zone.
15:14 of 2nd period - Slapshot by Tanner Pearson.
15:14 of 2nd period - Stopped by Matt Murray without a rebound.
15:15 of 2nd period - Brian Flynn wins face-off versus Vladimir Sobotka in Little Stars zone.
15:22 of 2nd period - Wrist shot by Brian Flynn.
15:22 of 2nd period - Stopped by Christopher Gibson with a rebound.
16:25 of 2nd period - Shawn Matthias is hit by Christian Folin and loses puck.
16:40 of 2nd period - Mathieu Brodeur is hit by Zach Budish.
17:31 of 2nd period - Off-side.
17:32 of 2nd period - Vladimir Sobotka wins face-off versus Dana Tyrell in neutral zone.
17:37 of 2nd period - Wrist shot by Vladimir Zharkov.
17:37 of 2nd period - Shot Misses the Net.
18:21 of 2nd period - Slapshot by Jordie Benn.
18:21 of 2nd period - Deflect By Christian Folin.
18:21 of 2nd period - Stopped by Christopher Gibson without a rebound.
18:22 of 2nd period - Dana Tyrell wins face-off versus Tanner Pearson in Inferno zone.
18:31 of 2nd period - Jordie Benn is hit by Vladimir Sobotka.
19:14 of 2nd period - Alexander Vasyunov is hit by Colby Robak and loses puck.
19:29 of 2nd period - Colby Robak is hit by Tyson Barrie and loses puck.
19:54 of 2nd period - Vladimir Sobotka is hit by Shawn Matthias and loses puck.
Goals for this period are 1 for Little Stars vs 1 for Inferno.
Shots for this period are 11 for Little Stars vs 13 for Inferno.

3rd period


0:01 of 3rd period - Vladimir Sobotka wins face-off versus Brian Flynn in neutral zone.
0:14 of 3rd period - Wrist shot by Tanner Pearson.
0:14 of 3rd period - Stopped by Matt Murray without a rebound.
0:15 of 3rd period - Matt Kassian wins face-off versus Dana Tyrell in Little Stars zone.
1:09 of 3rd period - Snap shot by Mathieu Perreault.
1:09 of 3rd period - Stopped by Christopher Gibson with a rebound.
1:11 of 3rd period - Wrist shot by Alexander Vasyunov.
1:11 of 3rd period - Shot Blocked by Oliver Bjorkstrand.
1:13 of 3rd period - Snap shot by Alexander Vasyunov.
1:13 of 3rd period - Shot Blocked by Christian Folin.
1:19 of 3rd period - Minor Penalty to Philip Varone for Hooking.
1:20 of 3rd period - Vladimir Sobotka wins face-off versus Brian Flynn in Inferno zone.
1:31 of 3rd period - Snap shot by Cam Atkinson.
1:31 of 3rd period - Shot Misses the Net.
1:56 of 3rd period - Icing by Zach Budish.
1:57 of 3rd period - Matt Kassian wins face-off versus Jesse Joensuu in Little Stars zone.
2:17 of 3rd period - Minor Penalty to Jesse Joensuu for Holding Stick.
2:18 of 3rd period - Vladimir Sobotka wins face-off versus Shawn Matthias in Little Stars zone.
2:20 of 3rd period - Slapshot by Vladimir Zharkov.
2:20 of 3rd period - Stopped by Matt Murray with a rebound.
2:22 of 3rd period - Snap shot by Vladimir Zharkov.
2:22 of 3rd period - Stopped by Matt Murray without a rebound.
2:23 of 3rd period - Shawn Matthias wins face-off versus Vladimir Sobotka in Little Stars zone.
2:34 of 3rd period - Slapshot by Cam Atkinson.
2:34 of 3rd period - Shot Blocked by David Savard.
3:02 of 3rd period - Wrist shot by Dana Tyrell.
3:02 of 3rd period - Stopped by Christopher Gibson with a rebound.
3:04 of 3rd period - Snap shot by Dana Tyrell.
3:04 of 3rd period - Shot Misses the Net.
3:06 of 3rd period - Wrist shot by Brian Flynn.
3:06 of 3rd period - Shot Misses the Net.
3:08 of 3rd period - Snap shot by Jordie Benn.
3:08 of 3rd period - Deflect By Colby Robak.
3:08 of 3rd period - Stopped by Christopher Gibson with a rebound.
3:19 of 3rd period - Penalty to Philip Varone is over, Philip Varone is back on ice.
3:26 of 3rd period - Slapshot by Colby Robak.
3:26 of 3rd period - Stopped by Matt Murray with a rebound.
3:28 of 3rd period - Snap shot by Oliver Bjorkstrand.
3:28 of 3rd period - Shot Misses the Net.
3:30 of 3rd period - Slapshot by David Savard.
3:30 of 3rd period - Stopped by Matt Murray without a rebound.
3:31 of 3rd period - Alexander Vasyunov wins face-off versus Anders Lee in Little Stars zone.
4:13 of 3rd period - Shawn Matthias is hit by Christian Folin.
4:17 of 3rd period - Penalty to Jesse Joensuu is over, Jesse Joensuu is back on ice.
4:17 of 3rd period - Anders Lee is hit by Andrej Sustr and loses puck.
5:20 of 3rd period - Wrist shot by Scott Kosmachuck.
5:20 of 3rd period - Shot Misses the Net.
5:30 of 3rd period - Minor Penalty to Esa Lindell for Boarding.
5:31 of 3rd period - Brian Flynn wins face-off versus Vladimir Sobotka in Inferno zone.
5:38 of 3rd period - Slapshot by Brian Flynn.
5:38 of 3rd period - Deflect By Cam Atkinson.
5:38 of 3rd period - Shot Misses the Net.
5:38 of 3rd period - Puck is out of play.
5:39 of 3rd period - Vladimir Sobotka wins face-off versus Brian Flynn in Inferno zone.
7:30 of 3rd period - Penalty to Esa Lindell is over, Esa Lindell is back on ice.
7:48 of 3rd period - Wrist shot by Mathieu Perreault.
7:48 of 3rd period - Stopped by Christopher Gibson with a rebound.
7:50 of 3rd period - Snap shot by Mathieu Perreault.
7:50 of 3rd period - Shot Blocked by Colby Robak.
8:10 of 3rd period - Slapshot by Matthew Nieto.
8:10 of 3rd period - Stopped by Matt Murray with a rebound.
8:24 of 3rd period - Wrist shot by Bryan Rust.
8:24 of 3rd period - Stopped by Matt Murray with a rebound.
8:34 of 3rd period - Esa Lindell is hit by Jesse Joensuu and loses puck.
9:00 of 3rd period - Off-side.
9:01 of 3rd period - Mathieu Perreault wins face-off versus Matthew Nieto in neutral zone.
10:42 of 3rd period - Minor Penalty to Alexander Vasyunov for Tripping.
10:43 of 3rd period - Shawn Matthias wins face-off versus Vladimir Sobotka in Little Stars zone.
10:58 of 3rd period - Slapshot by Christian Folin.
10:58 of 3rd period - Deflect By Tanner Pearson.
10:58 of 3rd period - Shot Blocked by Phil Oreskovic.
10:58 of 3rd period - Puck is out of play.
10:59 of 3rd period - Vladimir Sobotka wins face-off versus Shawn Matthias in Little Stars zone.
11:00 of 3rd period - Backhand shot by Christian Folin.
11:00 of 3rd period - Shot Blocked by Phil Oreskovic.
11:06 of 3rd period - Wrist shot by Christian Folin.
11:06 of 3rd period - Shot Misses the Net.
11:08 of 3rd period - Wrist shot by Vladimir Sobotka.
11:08 of 3rd period - Shot Misses the Net.
11:12 of 3rd period - Slapshot by Christian Folin.
11:12 of 3rd period - Deflect By Tyson Barrie.
11:12 of 3rd period - Stopped by Matt Murray with a rebound.
12:42 of 3rd period - Penalty to Alexander Vasyunov is over, Alexander Vasyunov is back on ice.
12:50 of 3rd period - Snap shot by Mathieu Perreault.
12:50 of 3rd period - Stopped by Christopher Gibson with a rebound.
12:52 of 3rd period - Wrist shot by Tyler Wotherspoon.
12:52 of 3rd period - Stopped by Christopher Gibson with a rebound.
12:54 of 3rd period - Slapshot by Anton Cederholm.
12:54 of 3rd period - Shot Misses the Net.
13:10 of 3rd period - Slapshot by Simon Danis-Pepin.
13:10 of 3rd period - Shot Blocked by Tyler Wotherspoon.
13:40 of 3rd period - Snap shot by Zach Budish.
13:40 of 3rd period - Stopped by Christopher Gibson with a rebound.
14:56 of 3rd period - Tyson Barrie is hit by Oliver Bjorkstrand.
15:50 of 3rd period - Alexander Vasyunov is hit by Vladimir Sobotka and loses puck.
18:15 of 3rd period - Jesse Joensuu is hit by Bryan Rust and loses puck.
18:54 of 3rd period - Snap shot by Brian Flynn.
18:54 of 3rd period - Shot Misses the Net.
18:58 of 3rd period - Snap shot by Brian Flynn.
18:58 of 3rd period - Shot Misses the Net.
19:14 of 3rd period - Inferno, Christopher Gibson is pulled from the net.
19:14 of 3rd period - Wrist shot by Colby Robak.
19:14 of 3rd period - Shot Blocked by Phil Oreskovic.
19:24 of 3rd period - Snap shot by Cam Atkinson.
19:24 of 3rd period - Shot Misses the Net.
Goals for this period are 0 for Little Stars vs 0 for Inferno.
Shots for this period are 7 for Little Stars vs 8 for Inferno.